 Dungeon Crawl Stone Soup version 0.30.1-9-gdf580d7c3d (webtiles) character file.

Game seed: 4825634734139638875

111 Lobotomite the Chucker (level 5, -1/41 HPs)
             Began as a Meteoran Wanderer on Oct 8, 2023.
             Slain by an adder (4 damage)
             ... on level 3 of the Dungeon.
             The game lasted 00:13:59 (1460 turns).

Lobotomite the Chucker (Meteoran Wanderer)          Turns: 1460, Time: 00:13:59

Health: -1/41      AC:  2    Str: 19    XL:     5   Next: 39%
Magic:  9/9        EV: 11    Int: 16    God:
Gold:   58         SH:  0    Dex: 13    Spells: 6/9 levels left

rFire   . . .        a - +2 dagger
rCold   . . .        (no shield)
rNeg    . . .        e - +0 robe
rPois   .            (no helmet)
rElec   .            (no cloak)
rCorr   .            (no gloves)
SInv    .            (no boots)
Will    .....        (no amulet)
Stlth   +            f - +6 ring of strength
HPRegen 0.26/turn    (no ring)
MPRegen 0.11/turn

%: no passive effects
@: lethally poisoned (-1 -> -4), glowing
A: sense surroundings 1, otherworldly, glowing, explore regen
a: no special abilities


You were on level 3 of the Dungeon.
You visited 1 branch of the dungeon, and saw 3 of its levels.

You collected 58 gold pieces.

Inventory:

Hand Weapons
 a - a +2 dagger (weapon)
Armour
 e - a +0 robe (worn)
Jewellery
 f - a +6 ring of strength (left hand)
Scrolls
 c - a scroll of fog
 g - 8 scrolls of identify {unknown}
 h - a scroll of enchant weapon {unknown}
 i - a scroll of butterflies {unknown}
 j - a scroll of vulnerability {unknown}
 k - a scroll of teleportation {unknown}
Potions
 b - a potion of curing {unknown}
 d - a potion of heal wounds {unknown}


   Skills:
 + Level 1.9 Fighting
 + Level 5.2 Throwing
 + Level 2.2 Armour
 + Level 1.7 Stealth
 + Level 2.5 Spellcasting
 + Level 3.2 Hexes
 + Level 1.3 Fire Magic


You had 6 spell levels left.
You knew the following spells:

 Your Spells              Type           Power      Damage    Failure   Level
a - Slow                  Hex            48%        N/A       5%          1
b - Scorch                Fire           12%        2d5       17%         2

Your spell library contained the following spells:

 Spells                   Type           Power      Damage    Failure   Level
 Dazzling Flash           Conj/Hex       14%        N/A       30%         3
 Flame Wave               Conj/Fire      4%         2d5       83%         4
 Summon Cactus Giant      Summ           1%         N/A       100%        6


Dungeon Overview and Level Annotations

Branches:
Dungeon (3/15) Zot: 339

Altars:


Innate Abilities, Weirdness & Mutations

You passively map a small area around you.
You are easily found by Zot.
You glow in the dark.
You regain HP and MP as you explore.


Message History

Found a stone staircase leading up.
An adder is nearby!
The adder bites you. The adder bites you.
You are poisoned.
The adder poisons you!
You barely miss the adder.
You feel sick. The adder barely misses you. The adder bites you.
You are more poisoned.
The adder poisons you!
You hit the adder but do no damage.
You feel very sick. The adder bites you but does no damage.
You closely miss the adder.
You feel sick. The adder bites you.
You barely miss the adder.
You feel sick. The adder bites you. x2
You barely miss the adder.
You feel sick. The adder bites you.
You barely miss the adder.
You feel sick. The adder bites you but does no damage.
You hit the adder.
The adder is lightly wounded.
You feel sick. The adder bites you.
* * * LOW HITPOINT WARNING * * *
The adder bites you.
* * * LOW HITPOINT WARNING * * *
You closely miss the adder.
The adder is lightly wounded.
You feel sick. The adder bites you.
* * * LOW HITPOINT WARNING * * *
You are more poisoned.
The adder poisons you!
You hit the adder.
The adder is heavily wounded.
* * * LOW HITPOINT WARNING * * *
You feel sick. The adder bites you.
* * * LOW HITPOINT WARNING * * *
You hit the adder.
The adder is heavily wounded.
* * * LOW HITPOINT WARNING * * *
You feel sick. The adder bites you.
You die...

####### ##.....##
##.......## #.........#
#.<......?# #..!......#
#.....@S..#
#.........#############
#...(.....†.......#....
#.........#######......
#.........#########....
#......................
#.........#########....
##.......## ##†.#
##..!..## #### #..##


You could see an adder.

Vanquished Creatures
  Terence (D:2)
  4 adders
  A worm (D:3)
  A dart slug (D:1)
  5 ball pythons
  5 endoplasms
  2 giant cockroaches (D:1)
  3 goblins (D:2)
  7 hobgoblins
  6 bats
  2 frilled lizards
  7 kobolds
  2 rats (D:2)
46 creatures vanquished.

Notes
Turn   | Place    | Note
-------+----------+-------------------------------------------
     0 | D:1      | Lobotomite the Meteoran Wanderer began the quest for the
                  | Orb.
     0 | D:1      | Lobotomite set off with the following items: a +2 dagger, a
                  | curare-tipped dart, a scroll of fog, a scroll of blinking,
                  | a +0 robe; and the following spell memorised: Slow; and the
                  | following spells available to memorise: Dazzling Flash.
     0 | D:1      | Reached XP level 1. HP: 16/16 MP: 3/3
   111 | D:1      | Reached XP level 2. HP: 19/23 MP: 3/5
   284 | D:1      | Reached XP level 3. HP: 28/28 MP: 4/6
   298 | D:1      | Learned a level 2 spell: Scorch
   355 | D:1      | Reached skill level 5 in Throwing
   526 | D:2      | Noticed Terence
   625 | D:2      | Killed Terence
   626 | D:2      | Reached XP level 4. HP: 13/36 MP: 6/8
   731 | D:2      | Reached skill level 1 in Fire Magic
  1254 | D:3      | Reached XP level 5. HP: 40/41 MP: 6/9
  1389 | D:3      | Found a faded altar of an unknown god.
  1460 | D:3      | Slain by an adder

Illustrated notes

Levels and vault maps discovered:
D:1:      matt_arrival_los_fun, layout_rooms
D:2:      layout_basic, uniq_terence
D:3:      layout_rooms, shapermc_ecumenical_altar_pompeii

Skill      XL: |  1  2  3  4 |
---------------+-------------+-----
Throwing       | 5 |  5.2
Spellcasting   | 2 |  2.5
Armour         | 2 |  2.2
Hexes          | 3 |  3.2
Fire Magic     | 1 |  1.3
Fighting       | |  1.9
Stealth        | |  1.7

Action                     |  1- 3 |  4- 6 || total
---------------------------+-------+-------++-------
  Melee: Dagger            |    75 |    72 ||   147
         Punch             |     1 |     1 ||     2
  Throw: Dart              |     2 |       ||     2
   Cast: Slow              |     6 |     4 ||    10
         Scorch            |     5 |    15 ||    20
    Use: Scroll            |     1 |       ||     1
 Armour: Robe              |    19 |    40 ||    59
  Dodge: Dodged            |    37 |    54 ||    91
